 Dungeon Crawl Stone Soup version 0.29-a0-834-g1e95ca9f62 (webtiles) character file.

Game seed: 11362475216696301512

5 LynnLen the Sneak (level 1, 0/11 HPs)
             Began as a Vampire Enchanter on July 13, 2022.
             Slain by a quokka (1 damage)
             ... on level 1 of the Dungeon.
             The game lasted 00:00:57 (396 turns).

LynnLen the Sneak (Vampire Enchanter)                Turns: 396, Time: 00:00:58

Health: 0/11       AC:  6    Str:  7    XL:     1   Next: 66%
Magic:  3/3        EV: 11    Int: 17    God:
Gold:   32         SH:  0    Dex: 14    Spells: 4/4 levels left

rFire   . . .      SeeInvis +   a - +1 dagger
rCold   + + .      Faith    .   (no shield)
rNeg    + + +      Spirit   .   e - +3 leather armour
rPois   ∞          Reflect  .   (no helmet)
rElec   .          Harm     .   (no cloak)
rCorr   .          Rampage  .   (no gloves)
Will    .....                   (no boots)
Stlth   +++++.....              (no amulet)
HPRegen 0.00/turn               (no ring)
MPRegen 0.08/turn               (no ring)

@: bloodless, inhibited regen
A: bloodless, fangs 3, see invisible, vampiric 1
a: Revivify


You were on level 1 of the Dungeon.
You visited 1 branch of the dungeon, and saw 1 of its levels.

You collected 32 gold pieces.

Inventory:

Hand Weapons
 a - a +1 dagger (weapon)
Armour
 b - a +0 robe
 e - a +3 leather armour (worn)
Scrolls
 d - a scroll of vulnerability {unknown}
 f - a scroll of immolation {unknown}
Potions
 c - a potion of invisibility


   Skills:
 * Level 0.3 Fighting
 * Level 1.3 Short Blades
 + Level 2.2 Dodging
 + Level 4.6 Stealth
 - Level 2.0 Spellcasting
 - Level 4.4 Hexes


You had 4 spell levels left.
You didn't know any spells.
Your spell library contained the following spells:

 Spells                   Type           Power      Damage    Failure   Level
 Confusing Touch          Hex            16%        N/A       14%         3
 Tukima's Dance           Hex            16%        N/A       14%         3
 Ensorcelled Hibernation  Hex/Ice        18%        N/A       19%         2
 Dazzling Flash           Conj/Hex       18%        N/A       34%         3


Dungeon Overview and Level Annotations

Branches:
Dungeon (1/15)

Altars:


Innate Abilities, Weirdness & Mutations

You do not regenerate when monsters are visible.
You are frail without blood (-20% HP).
You can heal yourself when you bite living creatures.
You are immune to poison.
You have razor-sharp teeth.
You have supernaturally acute eyesight. (SInv)
You are afflicted with vampirism.


Message History

You hit the frilled lizard.
You kill the frilled lizard!
You barely miss the kobold.
The kobold hits you with a +0 short sword.
* * * LOW HITPOINT WARNING * * *
You fade into invisibility!
The kobold closely misses you.
You see here 13 gold pieces.
You now have 32 gold pieces (gained 13).
The kobold barely misses you.
You see here a +3 leather armour.
e - a +3 leather armour You start removing your armour.
You continue taking off your +0 robe. x4
You finish taking off your +0 robe.
You start putting on your armour.
You continue putting on your +3 leather armour. x5
You finish putting on your +3 leather armour.
Found a scroll labelled CYCAZO DEALU.
f - a scroll labelled CYCAZO DEALU You start resting.
You flicker for a moment.
You start resting.
You flicker back into view.
You start resting.
A kobold is nearby!
A kobold is nearby!
You start resting.
A quokka is nearby!
You hit the quokka but do no damage. The quokka closely misses you.
You hit the quokka. You bite the quokka, but do no damage.
The quokka is heavily wounded.
The quokka bites you but does no damage.
You barely miss the quokka.
The quokka is heavily wounded.
The quokka bites you.
* * * LOW HITPOINT WARNING * * *
You closely miss the quokka.
The quokka is heavily wounded.
The quokka bites you.
You die...

.####... #.....#...
#.....#....
#...........
##......#...K.
.........r.....######
##.....#r...........#
##.............##r.##
.#......##.#####@.##
.......###.##....##
...#...#......####
......##....###
##..#.....###
##..#....# #.......#
#.##....# ###.......#


You could see a quokka.

Vanquished Creatures
  2 jackals (D:1)
  2 frilled lizards (D:1)
  A kobold (D:1)
  A rat (D:1)
6 creatures vanquished.

Notes
Turn   | Place    | Note
-------+----------+-------------------------------------------
     0 | D:1      | LynnLen the Vampire Enchanter began the quest for the Orb.
     0 | D:1      | Reached XP level 1. HP: 13/13 MP: 3/3
   396 | D:1      | Slain by a quokka

Illustrated notes

Levels and vault maps discovered:
D:1:      mrwooster_arrival_arrow, layout_rooms, serial_curves, eino_curves_03,
          eino_curves_01, dk_noncrumbling_3

Action                   || total
-------------------------++-------
Melee: Dagger            ||    23
       Punch             ||     1
       Bite              ||     1
 Abil: Exsanguinate      ||     1
  Use: Potion            ||     1
 Stab: Sleeping          ||     2
Armor: Leather armour    ||     1
Dodge: Dodged            ||    12

Table legend: (Time is in decaauts)
 A = Elapsed time spent in this place.
 B = Non-inter-level travel time spent in this place.
 C = Inter-level travel time spent in this place.
 D = Time resting spent in this place.
 E = Time spent auto-exploring this place.
 F = Levels seen in this place.
 G = Mean time per level.
                   A        B        C        D        E       F      G
               +--------+--------+--------+--------+--------+-----+--------+
         Total |    394 |    394 |      0 |     72 |    202 |   1 |  394.0 |
       Dungeon |    394 |    394 |      0 |     72 |    202 |   1 |  394.0 |
               +--------+--------+--------+--------+--------+-----+--------+

Top non-repeatable levels by time:
     D:1: 394 daAuts
